 Dungeon Crawl Stone Soup version 0.31-a0-152-g6aa68a64a1 (webtiles) character file.

Game seed: 14772651937745685132

128 qw the Shooter (level 5, -6/49 HPs)
             Began as a Naga Hunter on June 9, 2023.
             Mangled by a gnoll
             ... wielding a +0 spear
              (7 damage)
             ... on level 3 of the Dungeon.
             The game lasted 00:00:41 (2257 turns).

qw the Shooter (Naga Hunter)                        Turns: 2257, Time: 00:00:41

Health: -6/49      AC:  6    Str: 13    XL:     5   Next: 11%
Magic:  5/5        EV:  9    Int: 10    God:
Gold:   118        SH:  5    Dex: 16    Spells: 4/4 levels left

rFire   . . .        Y - +0 shortbow
rCold   . . .        (shield currently unavailable)
rNeg    . . .        c - +0 leather armour
rPois   +            g - +2 hat
rElec   .            h - +0 cloak
rCorr   .            (no gloves)
SInv    +            (no barding)
Will    .....        e - amulet of reflection
Stlth   ++           (no ring)
HPRegen 0.28/turn    (no ring)
MPRegen 0.09/turn

%: reflection
@: short of breath, very slow
A: AC +1, large, see invisible, deformed body, poison resistance, slowness 2,
spit poison 1, naga tail 1
a: Spit Poison


You were on level 3 of the Dungeon.
You visited 1 branch of the dungeon, and saw 3 of its levels.

You collected 118 gold pieces.


Innate Abilities, Weirdness & Mutations

Your serpentine skin is tough. (AC +1)
You have supernaturally acute eyesight. (SInv)
Armour fits poorly on your strangely shaped body.
Your system is resistant to poisons. (rPois)
You cover ground very slowly.
You can spit poison.
You have a snake-like lower body.


   Skills:
 - Level 3.0 Fighting
 + Level 5.2 Ranged Weapons
 - Level 1.5 Dodging
 - Level 1.5 Stealth


You had 4 spell levels left.
You didn't know any spells.
Your spell library was empty.

Inventory:

Hand Weapons
 Y - a +0 shortbow (weapon)
Armour
 c - a +0 leather armour (worn)
 g - a +2 hat (worn)
 h - a +0 cloak (worn)
Jewellery
 e - an amulet of reflection (around neck)
Scrolls
 a - a scroll of vulnerability {unknown}
 b - a scroll of identify
 i - a scroll of fear {unknown}
Potions
 d - a potion of curing
 f - a potion of resistance
 j - a potion of magic {unknown}

Dungeon Overview and Level Annotations

Branches:
Dungeon (3/15)

Altars:


Message History

You feel sick.
The gnoll hits you from afar with a +0 spear.
You shoot an arrow. The arrow hits the gnoll.
The gnoll is moderately wounded.
You feel sick. The gnoll hits you with a +0 whip. The gnoll closely misses you.
You shoot an arrow. The arrow closely misses the gnoll.
You have got your breath back.
You feel sick. The gnoll closely misses you. The gnoll hits you with a +0 whip.
The gnoll hits you from afar with a +0 spear.
The gnoll barely misses you.
2252 ||| INVOKING Spit Poison.
Aiming: Spit Poison (1% risk of failure)
Press: ? - help, Shift-Dir - straight line, f/p - gnoll The splash of poison misses the gnoll.
You feel sick. The gnoll barely misses you. You block the gnoll's attack.
You shoot an arrow.
The arrow hits the gnoll but does no damage.
The gnoll is moderately wounded.
You feel sick. The gnoll hits you with a +0 whip.
The gnoll hits you but does no damage.
You shoot an arrow. The arrow closely misses the gnoll.
You feel sick.
You are no longer poisoned.
You block the gnoll's attack.
The gnoll hits you from afar with a +0 spear.
You shoot an arrow. The arrow hits the gnoll.
The gnoll is heavily wounded.
You have got your breath back.
The gnoll barely misses you.
The gnoll hits you from afar with a +0 spear.
2256 ||| INVOKING Spit Poison.
Aiming: Spit Poison (1% risk of failure)
Press: ? - help, Shift-Dir - straight line, f/p - gnoll The splash of poison hits the gnoll.
The gnoll is poisoned.
The gnoll is almost dead.
The gnoll hits you with a +0 whip. The gnoll barely misses you.
You shoot an arrow. The arrow hits the gnoll.
You kill the gnoll!
The gnoll hits you from afar with a +0 spear!
You die...

.................#
.................#
..
......#.....######
)..
......#...#...#
##....
.........####..
.#.. .##.#....# ##
#... .##......#
##g.####
.........#
#))J...#
%.##..#>.# ####@#
.###..#..####....#
......#.......####
##....#...#####
.........##
.....##[......
#.............
....##########
#.###


You could see a gnoll and an endoplasm.

Vanquished Creatures
  4 gnolls (D:3)
  5 adders
  2 orcs
  6 ball pythons
  2 endoplasms
  2 giant cockroaches
  3 goblins
  3 hobgoblins
  3 jackals (D:1)
  5 kobolds
  2 quokkas
  5 bats
  13 frilled lizards
  5 rats
60 creatures vanquished.

Notes
Turn   | Place    | Note
-------+----------+-------------------------------------------
     0 | D:1      | qw the Naga Hunter began the quest for the Orb.
     0 | D:1      | Reached XP level 1. HP: 19/19 MP: 1/1
     0 | D:1      | 0 ||| qw: Version: 0.2-a-122-gbc61b45
     0 | D:1      | 0 ||| qw: Game counter: 3386
     0 | D:1      | 0 ||| qw: Always use a shield: true
     0 | D:1      | 0 ||| qw: God list: Okawaru
     0 | D:1      | 0 ||| qw: Allow faded altars: false
     0 | D:1      | 0 ||| qw: Do Orc after D:15 true
     0 | D:1      | 0 ||| qw: Do second Lair branch before Depths: true
     0 | D:1      | 0 ||| qw: Lair rune preference: random
     0 | D:1      | 0 ||| qw: Plans: Normal
     0 | D:1      | 0 ||| PLANNING D:1-11
    54 | D:1      | 54 ||| INVOKING Spit Poison.
    58 | D:1      | 58 ||| INVOKING Spit Poison.
    73 | D:1      | 73 ||| INVOKING Spit Poison.
   217 | D:1      | 217 ||| INVOKING Spit Poison.
   218 | D:1      | Reached skill level 4 in Ranged Weapons
   218 | D:1      | Reached XP level 2. HP: 26/26 MP: 2/2
   258 | D:1      | 258 ||| INVOKING Spit Poison.
   261 | D:1      | 261 ||| INVOKING Spit Poison.
   264 | D:1      | Found a faded altar of an unknown god.
   301 | D:1      | 301 ||| INVOKING Spit Poison.
   304 | D:1      | 304 ||| INVOKING Spit Poison.
   387 | D:1      | 387 ||| INVOKING Spit Poison.
   440 | D:1      | 440 ||| INVOKING Spit Poison.
   445 | D:1      | 445 ||| INVOKING Spit Poison.
   524 | D:1      | 524 ||| INVOKING Spit Poison.
   527 | D:1      | 527 ||| INVOKING Spit Poison.
   543 | D:1      | 543 ||| INVOKING Spit Poison.
   558 | D:1      | 558 ||| INVOKING Spit Poison.
   633 | D:1      | 633 ||| INVOKING Spit Poison.
   662 | D:1      | 662 ||| INVOKING Spit Poison.
   663 | D:1      | Reached XP level 3. HP: 32/32 MP: 3/3
   791 | D:1      | 791 ||| INVOKING Spit Poison.
  1034 | D:1      | 1034 ||| UPGRADING to +0 cloak.
  1039 | D:1      | 1039 ||| UPGRADING to amulet of reflection.
  1044 | D:1      | 1044 ||| READING scroll labelled ACATRO RASUFRET.
  1045 | D:1      | 1045 ||| READING scroll labelled TAYPPA MUSIO.
  1046 | D:1      | 1046 ||| READING scroll labelled PAUCAOX LELY.
  1050 | D:1      | 1050 ||| DROPPING scroll of butterflies.
  1108 | D:2      | 1108 ||| INVOKING Spit Poison.
  1111 | D:2      | 1111 ||| INVOKING Spit Poison.
  1116 | D:2      | 1116 ||| INVOKING Spit Poison.
  1118 | D:2      | 1118 ||| STAIRDANCE
  1122 | D:1      | 1122 ||| INVOKING Spit Poison.
  1128 | D:1      | 1128 ||| INVOKING Spit Poison.
  1159 | D:2      | 1159 ||| INVOKING Spit Poison.
  1180 | D:2      | 1180 ||| INVOKING Spit Poison.
  1204 | D:2      | 1204 ||| INVOKING Spit Poison.
  1208 | D:2      | 1208 ||| INVOKING Spit Poison.
  1210 | D:2      | 1210 ||| INVOKING Spit Poison.
  1215 | D:2      | 1215 ||| INVOKING Spit Poison.
  1239 | D:2      | 1239 ||| INVOKING Spit Poison.
  1345 | D:2      | 1345 ||| INVOKING Spit Poison.
  1529 | D:2      | 1529 ||| INVOKING Spit Poison.
  1553 | D:2      | 1553 ||| INVOKING Spit Poison.
  1556 | D:2      | 1556 ||| INVOKING Spit Poison.
  1706 | D:2      | 1706 ||| UPGRADING to +2 hat.
  1711 | D:2      | 1711 ||| READING scroll labelled GIUROU TOATE.
  1812 | D:2      | 1812 ||| READING 4 scrolls labelled CIACOTOHAC.
  1813 | D:2      | 1813 ||| READING 3 scrolls of identify.
  1813 | D:2      | 1813 ||| IDENTIFYING viscous yellow potion
  1814 | D:2      | 1814 ||| READING 2 scrolls of identify.
  1814 | D:2      | 1814 ||| IDENTIFYING smoky ruby potion
  1821 | D:3      | 1821 ||| INVOKING Spit Poison.
  1825 | D:3      | 1825 ||| STAIRDANCE
  1827 | D:2      | 1827 ||| INVOKING Spit Poison.
  1900 | D:3      | 1900 ||| INVOKING Spit Poison.
  1901 | D:3      | Reached skill level 5 in Ranged Weapons
  1901 | D:3      | Reached XP level 4. HP: 39/39 MP: 4/4
  1906 | D:3      | 1906 ||| INVOKING Spit Poison.
  2093 | D:3      | 2093 ||| INVOKING Spit Poison.
  2098 | D:3      | 2098 ||| INVOKING Spit Poison.
  2103 | D:3      | 2103 ||| INVOKING Spit Poison.
  2221 | D:3      | 2221 ||| INVOKING Spit Poison.
  2237 | D:3      | 2237 ||| INVOKING Spit Poison.
  2242 | D:3      | 2242 ||| INVOKING Spit Poison.
  2245 | D:3      | 2245 ||| INVOKING Spit Poison.
  2246 | D:3      | Reached skill level 3 in Fighting
  2248 | D:3      | Reached XP level 5. HP: 34/49 MP: 5/5
  2249 | D:3      | 2249 ||| INVOKING Spit Poison.
  2252 | D:3      | 2252 ||| INVOKING Spit Poison.
  2253 | D:3      | HP: 11/49 [gnoll/+0 whip (4)]
  2255 | D:3      | HP: 5/49 [gnoll/+0 spear (1)]
  2256 | D:3      | 2256 ||| INVOKING Spit Poison.
  2256 | D:3      | HP: 1/49 [gnoll/+0 whip (5)]
  2257 | D:3      | Mangled by a gnoll

Levels and vault maps discovered:
D:1:      sevenhm_arrival_forest_fort_small_4, layout_loops_corners,
          hellmonk_ecumenical_altar_dog_temple, nrook_mini_backslash,
          grunt_decor_clamped
D:2:      layout_basic, minmay_lizard_pond
D:3:      minmay_angry_zag, layout_rooms, amcnicky_altar_gilded,
          chequers_serial_rivers_small_b

Skill      XL: |  1  2  3  4 |
---------------+-------------+-----
Ranged Weapons | 4 5 |  5.2
Fighting       | 3 |  3.0
Dodging        | |  1.5
Stealth        | |  1.5

Action                     |  1- 3 |  4- 6 || total
---------------------------+-------+-------++-------
   Fire: Shortbow          |    69 |    37 ||   106
Ability: Spit Poison       |    36 |    11 ||    47
    Use: Scroll            |     7 |       ||     7
 Armour: Leather armour    |    16 |     8 ||    24
  Dodge: Dodged            |    30 |    14 ||    44
  Block: Other             |     7 |     9 ||    16
         Reflection        |       |     1 ||     1

Table legend:
 A = Non-vault XP
 B = Vault XP
 C = Vault XP percentage of total XP
 D = Non-vault monster count
 E = Vault monster count
 F = Vault count percentage of total count
                 A         B        C        D         E       F
            +---------+---------+-------+---------+---------+-------
      Total |     163 |      35 |  17.7 |      44 |      16 |  26.7
            +---------+---------+-------+---------+---------+-------
        D:1 |      29 |      10 |  25.6 |      20 |       7 |  25.9
        D:2 |      32 |       6 |  15.8 |      14 |       6 |  30.0
        D:3 |     102 |      19 |  15.7 |      10 |       3 |  23.1
            +---------+---------+-------+---------+---------+-------
